 Dungeon Crawl Stone Soup version 0.22-a0-803-gd6d8abeff0 (webtiles) character file.

7198 Mirvelgyr the Cleaver (level 10, -8/138 HPs)
             Began as a Minotaur Berserker on July 22, 2018.
             Was an Elder of Trog.
             Mangled by an 11-headed hydra (10 damage)
             ... on level 1 of the Lair of Beasts.
             The game lasted 00:12:08 (7718 turns).

Mirvelgyr the Cleaver (Minotaur Berserker)          Turns: 7718, Time: 00:12:08

Health: -8/138     AC: 20    Str: 27    XL:     10   Next: 87%
Magic:  0/9        EV: 12    Int:  4    God:    Trog [****..]
Gold:   488        SH:  0    Dex: 13    Spells: 9/9 levels left

rFire    . . .     SeeInvis +   C - +2 battleaxe
rCold    . . .     Gourm    .   (shield currently unavailable)
rNeg     . . .     Faith    .   F - +0 plate armour
rPois    .         Spirit   +   (helmet restricted)
rElec    .         Reflect  .   f - scarf {repulsion}
rCorr    .         Harm     .   t - +0 pair of gloves
MR       .....                  (no boots)
Stlth    ..........             z - amulet of guardian spirit
HPRegen  0.33/turn              r - +5 ring of protection
MPRegen  0.11/turn              D - ring of see invisible

@: berserking, repel missiles, very quick
A: retaliatory headbutt, horns 2
a: Berserk, Trog's Hand, Brothers in Arms, Renounce Religion


You were on level 1 of the Lair of Beasts.
You worshipped Trog.
Trog was greatly pleased with you.
You were not hungry.

You visited 2 branches of the dungeon, and saw 10 of its levels.

You collected 488 gold pieces.

Inventory:

Hand Weapons
 C - a +2 battleaxe (weapon)
Armour
 f - a scarf of repulsion (worn)
 t - a +0 pair of gloves (worn)
 F - a +0 plate armour (worn)
Jewellery
 o - an uncursed ring of protection from cold
 r - a +5 ring of protection (left hand)
 w - an uncursed ring of protection from fire
 z - an amulet of guardian spirit (around neck)
 D - a ring of see invisible (right hand)
Scrolls
 a - 5 scrolls of enchant armour
 h - a scroll of random uselessness
 i - a scroll of immolation
 j - a scroll of magic mapping
 k - 7 scrolls of remove curse
 q - 2 scrolls of blinking
 v - a scroll of holy word
 B - a scroll of teleportation
Potions
 b - 2 potions of brilliance
 d - a potion of berserk rage {unknown}
 e - 7 potions of lignification
 g - a potion of might {unknown}
 l - 2 potions of haste {unknown}
 m - 2 potions of flight {unknown}
 n - a potion of invisibility {unknown}
 s - a potion of cancellation {unknown}
 u - 3 potions of heal wounds
 x - a potion of mutation {unknown}
Comestibles
 c - 14 rations


   Skills:
 + Level 9.7 Fighting
 * Level 12.8 Axes
 + Level 9.3 Armour
 + Level 8.5 Dodging


You had 9 spell levels left.
You didn't know any spells.
Your spell library was empty.

Dungeon Overview and Level Annotations

Branches:
Dungeon (9/15)             Temple (0/1) D:4            Lair (1/6) D:8
    Orc: D:9-12

Altars:
Fedhas
Uskayaw
Vehumet
Xom
Yredelemnul


Innate Abilities, Weirdness & Mutations

You reflexively headbutt those who attack you in melee.
You have a pair of horns on your head.


Message History

* * * LOW HITPOINT WARNING * * *
The 11-headed hydra bites you.
* * * LOW HITPOINT WARNING * * *
The 11-headed hydra closely misses you. The 11-headed hydra bites you.
* * * LOW HITPOINT WARNING * * *
The 11-headed hydra bites you but does no damage. x2
The 11-headed hydra closely misses you. The 11-headed hydra bites you.
* * * LOW HITPOINT WARNING * * *
A red film seems to cover your vision as you go berserk!
You feel yourself moving faster!
You feel mighty!
You feel a lot more hungry.
The 11-headed hydra bites you but does no damage. x2
The 11-headed hydra misses you. The 11-headed hydra bites you.
* * * LOW HITPOINT WARNING * * *
The 11-headed hydra bites you.
* * * LOW HITPOINT WARNING * * *
The 11-headed hydra bites you but does no damage. x2
The 11-headed hydra closely misses you.
The 11-headed hydra bites you but does no damage.
The 11-headed hydra closely misses you. The 11-headed hydra bites you!
You die...

#...# #..$# #
#...# .. ##P..#
..# #P...# ...#
. #...##....#..
#..D.......+
#..@# #..# ..
#.).###.+.#...
#...?.........
#.............
#[............
#.............
#.......?.....
##.............
#....###+#.##..


You could see a 11-headed hydra.

Vanquished Creatures
  2 two-headed ogres (D:8)
  The ghost of swarr the Slasher, a novice TrWz of Makhleb (D:7)
  Joseph (D:7)
  A vampire (D:8)
  A yak (D:8)
  A human (D:6)
  A hungry ghost (D:8)
  Menkaure (D:4)
  4 porcupines (D:8)
  Duvessa (D:7)
  4 orc warriors
  2 water moccasins (Lair:1)
  4 black bears
  An ice beast (D:7)
  2 sky beasts
  3 ogres
  2 phantoms
  4 centaurs
  A big kobold (D:7)
  3 bullfrogs
  Dowan (D:7)
  A water moccasin zombie (D:7)
  A scorpion (D:7)
  5 wights (D:8)
  A centaur zombie (D:8)
  6 howler monkeys
  2 crimson imps
  3 hounds (D:5)
  A centaur skeleton (D:8)
  A gnoll shaman (D:5)
  An orc priest (D:4)
  4 bullfrog skeletons
  6 orc wizards
  An iguana (D:4)
  7 worker ants
  A killer bee zombie (D:6)
  A bullfrog simulacrum (D:7)
  A hound skeleton (D:4)
  A howler monkey zombie (D:7)
  2 worker ant zombies
  8 gnolls
  2 howler monkey skeletons
  8 adders
  2 shadow imps (D:5)
  2 white imps (D:7)
  A worker ant simulacrum (D:7)
  2 oozes
  An adder skeleton (D:7)
  An adder zombie (D:7)
  3 worms
  4 dart slugs
  7 leopard geckos
  32 orcs
  4 giant cockroaches
  5 goblins
  7 hobgoblins
  9 jackals
  A quokka (D:5)
  3 ball pythons
  7 bats
  4 frilled lizards
  A jackal simulacrum (D:7)
  5 kobolds
  A kobold zombie (D:6)
  A leopard gecko skeleton (D:4)
  A quokka zombie (D:5)
  3 rats
  5 fungi (D:8)
  5 plants (D:8)
222 creatures vanquished.

Vanquished Creatures (others)
  2 fungi (D:8)
  3 plants (D:8)
5 creatures vanquished.

Grand Total: 227 creatures vanquished

Notes
Turn   | Place    | Note
-------+----------+-------------------------------------------
     0 | D:1      | Mirvelgyr the Minotaur Berserker began the quest for the Orb.
     0 | D:1      | Reached XP level 1. HP: 19/19 MP: 0/0
    94 | D:1      | Reached XP level 2. HP: 23/27 MP: 1/1
   182 | D:1      | Reached skill level 4 in Axes
   723 | D:2      | Reached XP level 3. HP: 12/33 MP: 2/2
   947 | D:2      | Found a faded altar of an unknown god.
  1015 | D:2      | Reached ** piety under Trog
  1064 | D:2      | Found a blossoming altar of Fedhas.
  1090 | D:2      | Reached XP level 4. HP: 30/40 MP: 3/3
  1390 | D:3      | Reached skill level 5 in Axes
  1580 | D:3      | Noticed a phantom
  1635 | D:3      | Killed a phantom
  1635 | D:3      | Reached XP level 5. HP: 33/47 MP: 4/4
  2038 | D:4      | Noticed Menkaure
  2051 | D:4      | Killed Menkaure
  2051 | D:4      | Reached skill level 5 in Fighting
  2051 | D:4      | Reached skill level 6 in Axes
  2051 | D:4      | Reached XP level 6. HP: 28/56 MP: 5/5
  2353 | D:4      | HP: 2/56 [ogre/giant club (22)]
  2354 | D:4      | Reached XP level 7. HP: 2/61 MP: 6/6
  2640 | D:4      | Reached skill level 7 in Axes
  2897 | D:4      | Reached skill level 5 in Armour
  3133 | D:4      | Found a staircase to the Ecumenical Temple.
  3209 | D:5      | Entered Level 5 of the Dungeon
  3225 | D:5      | Reached *** piety under Trog
  3486 | D:5      | Reached skill level 8 in Axes
  3486 | D:5      | Reached skill level 5 in Dodging
  3486 | D:5      | Reached XP level 8. HP: 60/70 MP: 7/7
  4084 | D:6      | Found a shimmering altar of Xom.
  4398 | D:6      | Found a runed door.
  4405 | D:6      | Found a basalt altar of Yredelemnul.
  4432 | D:6      | Reached skill level 9 in Axes
  4482 | D:6      | HP: 3/71 [orc warrior/scimitar (13)]
  5066 | D:6      | Reached **** piety under Trog
  5367 | D:7      | Reached XP level 9. HP: 70/79 MP: 6/8
  5462 | D:7      | Found a runed gate.
  5462 | D:7      | Found a runed gate.
  5462 | D:7      | Found a runed gate.
  5632 | D:7      | Reached skill level 10 in Axes
  5638 | D:7      | Noticed swarr's ghost (novice TrWz)
  5649 | D:7      | Killed swarr's ghost
  5706 | D:7      | Noticed Duvessa
  5709 | D:7      | Noticed Dowan
  5715 | D:7      | Killed Duvessa
  5724 | D:7      | Killed Dowan
  5938 | D:7      | Reached skill level 11 in Axes
  6291 | D:7      | Noticed Joseph
  6308 | D:7      | Killed Joseph
  6308 | D:7      | Reached XP level 10. HP: 81/90 MP: 6/9
  6414 | D:7      | Found a hide-covered altar of Uskayaw.
  6467 | D:8      | Found a radiant altar of Vehumet.
  6554 | D:8      | Found a staircase to the Lair.
  6614 | D:8      | HP: 5/136 [something/vampiric draining (12)]
  6733 | D:8      | Reached skill level 12 in Axes
  6790 | D:8      | Noticed a two-headed ogre
  6790 | D:8      | Noticed a two-headed ogre
  6798 | D:8      | Killed a two-headed ogre
  6800 | D:8      | Killed a two-headed ogre
  7672 | Lair:1   | Entered Level 1 of the Lair of Beasts
  7707 | Lair:1   | Noticed a six-headed hydra
  7718 | Lair:1   | HP: 5/138 [11-headed hydra (3)]
  7718 | Lair:1   | HP: 2/138 [11-headed hydra (3)]
  7718 | Lair:1   | Mangled by an 11-headed hydra

Vault maps used:
D:1:      dpeg_arrival_tiny_d
D:2:      lemuel_crystal_altar, chequers_ecumenical_altar_simple_redux,
          minmay_fountain_box
D:3:      first_ration
D:4:      minmay_temple_entry_fiery, uniq_menkaure
D:6:      overflow_temple_1_default, dk_yredelemnul_ordeal
D:7:      black_bear_nest_2, marbit_many_paths, gammafunk_ghost_icy,
          uniq_duvessa, uniq_joseph
D:8:      lemuel_round_altar, due_lair_maze_entry_diamond
D:9:      makhleb_grotto_becter, hangedman_ranch, led_sif_pool
Lair:1:   disabler_island, uniq_erica

Skill      XL: |  1  2  3  4  5  6  7  8  9 10 |
---------------+-------------------------------+-----
Axes           | 4 5 6 8 9 11 12 | 12.8
Fighting       | 4 5 6 7 8 9 |  9.7
Armour         | 3 4 5 6 8 9 |  9.3
Dodging        | 3 4 5 6 7 8 |  8.5

Action                   |  1- 3 |  4- 6 |  7- 9 | 10-12 || total
-------------------------+-------+-------+-------+-------++-------
Melee: Hand axe          |    45 |       |   198 |    97 ||   340
       Headbutt          |    12 |    11 |    75 |    29 ||   127
       War axe           |     7 |    88 |    97 |       ||   192
       Battleaxe         |       |       |       |    55 ||    55
Invok: Trog's Hand       |       |     2 |     3 |     5 ||    10
       Berserk           |       |       |     3 |     3 ||     6
  Use: Scroll            |       |       |       |    12 ||    12
  Eat: Chunk             |     1 |     4 |    17 |     3 ||    25
       Ration            |       |       |       |     2 ||     2
Armor: Animal skin       |     6 |     1 |       |       ||     7
       Chain mail        |       |    35 |   150 |    55 ||   240
       Plate armour      |       |       |       |    45 ||    45
Dodge: Dodged            |    37 |    49 |   139 |    99 ||   324

Table legend:
 A = Spawn XP
 B = Non-spawn XP
 C = Spawn XP percentage of total XP
 D = Spawn monster count
 E = Non-spawn monster count
 F = Spawn count percentage of total count
 G = Total turns spent on level
                    A         B        C        D         E        F      G
               +---------+---------+-------+---------+---------+-------+---------
         Total |       0 |   10283 |   0.0 |       0 |     212 |   0.0 |  7718
               +---------+---------+-------+---------+---------+-------+---------
           D:1 |       0 |      26 |   0.0 |       0 |      15 |   0.0 |   707
           D:2 |       0 |      91 |   0.0 |       0 |      22 |   0.0 |   609
           D:3 |       0 |     184 |   0.0 |       0 |      22 |   0.0 |   722
           D:4 |       0 |     761 |   0.0 |       0 |      25 |   0.0 |  1171
           D:5 |       0 |     753 |   0.0 |       0 |      22 |   0.0 |   835
           D:6 |       0 |     941 |   0.0 |       0 |      22 |   0.0 |  1358
           D:7 |       0 |    2928 |   0.0 |       0 |      43 |   0.0 |  1198
           D:8 |       0 |    4125 |   0.0 |       0 |      35 |   0.0 |   981
           D:9 |       0 |     187 |   0.0 |       0 |       4 |   0.0 |    91
        Lair:1 |       0 |     287 |   0.0 |       0 |       2 |   0.0 |    46
               +---------+---------+-------+---------+---------+-------+---------
